 Dungeon Crawl Stone Soup version 0.26-a0-672-g1df16c3386 (webtiles) character file.

Game seed: 15137832626093943081

270 marklar909 the Skirmisher (level 6, -3/49 HPs)
             Began as a Formicid Abyssal Knight on Oct 20, 2020.
             Was a Priest of Lugonu.
             Slain by an ogre
             ... wielding a +0 giant club
              (28 damage)
             ... on level 3 of the Dungeon.
             The game lasted 00:05:03 (5750 turns).

marklar909 the Skirmisher (Formicid Abyssal Knight) Turns: 5750, Time: 00:05:03

Health: -3/49      AC:  5    Str: 19      XL:     6   Next: 47%
Magic:  8/8        EV: 11    Int: 10 (11) God:    Lugonu [***...]
Gold:   116        SH:  0    Dex: 10      Spells: 5/5 levels left

rFire    . . .     SeeInvis +   a - +2 mace
rCold    . . .     Faith    .   (no shield)
rNeg     . . .     Spirit   .   d - +0 ring mail (curse)
rPois    .         Reflect  .   (helmet unavailable)
rElec    .         Harm     .   (no cloak)
rCorr    .         Rampage  .   (no gloves)
MR       .....                  (no boots)
Stlth    +.........             (no amulet)
HPRegen  0.16/turn              (no ring)
MPRegen  0.11/turn              (no ring)

@: no status effects
A: permanent stasis, dig shafts and tunnels, four strong arms, antennae 3
a: Dig, Shaft Self, Depart the Abyss, Bend Space, Banish, Renounce Religion


You were on level 3 of the Dungeon.
You worshipped Lugonu.
Lugonu was most pleased with you.
You visited 1 branch of the dungeon, and saw 4 of its levels.
You visited the Abyss 1 time.

You collected 116 gold pieces.

Inventory:

Hand Weapons
 a - a +2 mace (weapon)
Missiles
 n - 12 poisoned darts (quivered)
Armour
 d - a cursed +0 ring mail (worn)
Scrolls
 c - a scroll of immolation
 e - a scroll of remove curse
 f - a scroll of fear
 h - 2 scrolls of identify
 k - a scroll of enchant weapon
Potions
 g - a potion of resistance
 i - a potion of lignification {unknown}
 l - a potion of invisibility {unknown}
 m - a potion of brilliance {unknown}
 p - a potion of haste {unknown}


   Skills:
 + Level 4.5 Fighting
 + Level 3.6 Maces & Flails
 + Level 0.9 Throwing
 + Level 3.5 Armour
 + Level 1.6 Dodging
 + Level 0.8 Stealth
 * Level 3.5 Invocations


You had 5 spell levels left.
You didn't know any spells.
Your spell library was empty.

Dungeon Overview and Level Annotations

Branches:
Dungeon (4/15)
 Temple: D:4-7

Altars:
Kikubaaqudgha
Ru
Yredelemnul


Innate Abilities, Weirdness & Mutations

You cannot be hasted, slowed, berserked, paralysed or teleported.
You can dig through walls and to a lower floor.
Your four strong arms can wield two-handed weapons with a shield.
You have a pair of large antennae on your head. (SInv)


Message History

The ogre is lightly wounded.
Unknown command.
Unknown command.
Throwing (i - inventory)
n - 13 poisoned darts (quivered)
Press: ? - help, Shift-Dir - straight line, f/p - ogre
Aim: an ogre, wielding a +0 giant club (lightly wounded, very poisoned)
You throw a poisoned dart.
The poisoned dart closely misses the ogre.
The ogre barely misses you.
You climb upwards.
There is a stone staircase leading down here.
You closely miss the ogre.
The ogre is moderately wounded.
The ogre hits you with a +0 giant club!!
Ouch! That really hurt!
You are too injured to fight recklessly!
You are too injured to fight recklessly!
The ogre hits you with a +0 giant club!!
Ouch! That really hurt!
You die...

#.............#.#.#.#####.# #
####......##.#.###.#.#.....#.# #
...')..............>.#####.#†# #
.###.........#.#.#.......#.#.# #
+###.........#<..#..####.#.#.# #
........#....#.#.#..# #.#.#.# #
........#....#.#.#..# #.#.#.# #
........#....#...O..## #.#.#.# #
........#.......@....# #.#.#.# #
........#............# #.#.#.# #
........####...[.....# #.#.#.####
........# #############.#.#=..<#
........# #.............#.######
..##....# #.............#.......
..##....####.............########
..##.............................
.##.....................#########


You could see an ogre (poisoned).

Vanquished Creatures
  An ogre (D:3)
  An orc wizard (D:4)
  3 gnolls
  6 adders
  An ooze (D:1)
  An adder skeleton (D:4)
  2 dart slugs
  2 leopard geckos
  3 orcs
  A giant cockroach (D:1)
  2 gnoll zombies (D:2)
  5 goblins
  10 hobgoblins
  10 jackals
  4 kobolds
  4 bats
  5 frilled lizards
  5 rats
66 creatures vanquished.

Vanquished Creatures (others)
  A human (D:3)
1 creature vanquished.

Grand Total: 67 creatures vanquished

Notes
Turn   | Place    | Note
-------+----------+-------------------------------------------
     0 | Abyss:1  | marklar909 the Formicid Abyssal Knight began the quest for
                  | the Orb.
     0 | Abyss:1  | Reached XP level 1. HP: 18/18 MP: 2/2
   100 | Abyss:1  | Noticed an Executioner
   104 | Abyss:1  | Noticed a raiju
   107 | D:1      | Escaped the Abyss
   302 | D:1      | Reached XP level 2. HP: 23/24 MP: 3/3
   719 | D:1      | Reached XP level 3. HP: 23/30 MP: 4/4
   830 | D:1      | Reached ** piety under Lugonu
   830 | D:1      | Reached skill level 1 in Dodging
  1465 | D:2      | Reached skill level 4 in Fighting
  1706 | D:2      | Reached XP level 4. HP: 36/37 MP: 5/5
  2180 | D:2      | Found a basalt altar of Yredelemnul.
  2943 | D:3      | Reached XP level 5. HP: 17/42 MP: 7/7
  3513 | D:3      | Found an ancient bone altar of Kikubaaqudgha.
  3514 | D:3      | Noticed a human
  3516 | D:3      | Killed a human
  4060 | D:2      | You fall into a shaft and drop 1 floor!
  4245 | D:3      | Found a sacrificial altar of Ru.
  4495 | D:3      | Reached *** piety under Lugonu
  5105 | D:4      | Noticed an ogre
  5301 | D:3      | Killed an ogre
  5301 | D:3      | Reached XP level 6. HP: 49/49 MP: 8/8
  5524 | D:4      | Noticed an ogre
  5750 | D:3      | Slain by an ogre

Illustrated notes

Levels and vault maps discovered:
D:1:      scummos_arrival_simple_crosswalls, layout_loops_corners,
          minmay_misc_feat_square
D:2:      layout_basic, lemuel_zombie_altar_yredelemnul
D:3:      layout_basic, lemuel_doored_altar, tgw_kikubaaqudgha
D:4:      layout_loops_ring

Skill      XL: |  1  2  3  4  5 |
---------------+----------------+-----
Dodging        | 1 |  1.6
Fighting       | 4 |  4.5
Maces & Flails | 3 |  3.6
Armour         | 3 |  3.5
Invocations    | 3 |  3.5
Throwing       | |  0.9
Stealth        | |  0.8

Action                   |  1- 3 |  4- 6 || total
-------------------------+-------+-------++-------
Melee: Mace              |    82 |   139 ||   221
Throw: Dart              |       |    42 ||    42
 Abil: Shaft Self        |       |     1 ||     1
  Use: Scroll            |     1 |     7 ||     8
       Potion            |       |     3 ||     3
Armor: Leather armour    |    36 |    31 ||    67
       Ring mail         |       |     2 ||     2
Dodge: Dodged            |    80 |    90 ||   170

Table legend: (Time is in decaauts)
 A = Elapsed time spent in this place.
 B = Non-inter-level travel time spent in this place.
 C = Inter-level travel time spent in this place.
 D = Time resting spent in this place.
 E = Time spent auto-exploring this place.
 F = Levels seen in this place.
 G = Mean time per level.
                   A        B        C        D        E       F      G
               +--------+--------+--------+--------+--------+-----+--------+
         Total |   5814 |   5597 |    217 |   1496 |   3264 |   5 | 1162.8 |
       Dungeon |   5707 |   5490 |    217 |   1496 |   3189 |   4 | 1426.8 |
         Abyss |    107 |    107 |      0 |      0 |     75 |   1 |  107.0 |
               +--------+--------+--------+--------+--------+-----+--------+

Top non-repeatable levels by time:
     D:3: 2446 daAuts
     D:2: 1721 daAuts
     D:1: 1294 daAuts
     D:4: 245 daAuts
 Abyss:1: 107 daAuts
